 Dungeon Crawl Stone Soup version 0.17-a0-1197-g2d00c63 (webtiles) character file.

2326 Sommunist the Charmwright (level 9, -6/59 HPs)
             Began as a High Elf Skald on June 3, 2015.
             Was a Follower of Okawaru.
             Mangled by a yak (8 damage)
             ... on level 8 of the Dungeon.
             The game lasted 00:31:42 (5771 turns).

Sommunist the Charmwright (High Elf Skald)          Turns: 5771, Time: 00:31:44

Health: -6/59      AC: 11    Str: 11    XL:     9   Next: 19%
Magic:  15/15      EV: 15    Int: 15    God:    Okawaru [*.....]
Gold:   369        SH:  0    Dex: 20    Spells: 4 memorised, 6 levels left

rFire  + . .     SeeInvis .     q - +1 hand axe (distort)
rCold  . . .     Clarity  .     x - +2 ring mail of the Will of the Gods {+Inv rPois rF+}
rNeg   . . .     SustAt   .     (no shield)
rPois  +         Gourm    .     (no helmet)
rElec  .         Spirit   .     p - +2 cloak {+Inv}
rCorr  .         Warding  .     (no gloves)
rMut   .         Stasis   .     (no boots)
MR     .....                    (no amulet)
Stlth  ++........               (no ring)
                                (no ring)

@: not resistant to hostile enchantments, unstealthy
A: no striking features
a: Heroism, Renounce Religion, Evoke Invisibility


You were on level 8 of the Dungeon.
You worshipped Okawaru.
Okawaru was aware of your devotion.
You were very hungry.

You visited 2 branches of the dungeon, and saw 9 of its levels.

You collected 369 gold pieces.

Inventory:

Hand weapons
 a - a +0 short sword
 q - a +1 hand axe of distortion (weapon)
Armour
 p - a +2 cloak of invisibility (worn)
 x - the +2 ring mail of the Will of the Gods (worn) {+Inv rPois rF+}
   (You found it on level 5 of the Dungeon)

   It protects you from fire.
   It protects you from poison.
   It lets you turn invisible.
Magical devices
 b - a wand of fire (9)
 y - a wand of digging (12)
 B - a wand of digging (3)
Scrolls
 h - 3 scrolls of enchant weapon
 i - 3 scrolls of remove curse
 m - 6 scrolls of identify
 s - 3 scrolls of teleportation
 u - a scroll of enchant armour
 C - a scroll of blinking
Potions
 f - a potion of lignification
 g - a potion of flight
 l - 2 potions of magic
Books
 c - a book of Battle

   Spells                             Type                      Level
   a - Infusion                       Charms                       1
   b - Shroud of Golubria             Charms/Translocation         2
   c - Song of Slaying                Charms                       2
   d - Spectral Weapon                Hexes/Charms                 3
   e - Regeneration                   Charms/Necromancy            3
 z - a book of Ice

   Spells                             Type                      Level
   a - Ice Form                       Ice/Transmutation            4
   b - Metabolic Englaciation         Hexes/Ice                    5
   c - Ozocubu's Refrigeration        Ice                          6
   d - Bolt of Cold                   Conjuration/Ice              6
   e - Freezing Cloud                 Conjuration/Ice/Air          6
   f - Simulacrum                     Ice/Necromancy               6
Comestibles
 d - 5 bread rations
 n - 2 slices of pizza
 v - 6 fruits
 w - 3 beef jerkies


   Skills:
 + Level 4.4 Fighting
 + Level 2.8 Short Blades
 + Level 3.7 Axes
 + Level 4.9 Armour
 + Level 6.2 Dodging
 + Level 2.5 Stealth
 + Level 3.7 Spellcasting
 + Level 0.4 Hexes
 * Level 7.7 Charms
 + Level 1.5 Translocations


You had 6 spell levels left.
You knew the following spells:

 Your Spells              Type           Power        Failure   Level  Hunger
a - Infusion              Chrm           ####..       1%          1    None
b - Shroud of Golubria    Chrm/Tloc      ###.......   12%         2    ##.....
c - Spectral Weapon       Hex/Chrm       ###.....     24%         3    ###....
d - Regeneration          Chrm/Necr      ##........   28%         3    ###....


Dungeon Overview and Level Annotations

Branches:
Dungeon (8/15)             Temple (1/1) D:7
   Lair: D:8-11

Altars:
Ashenzari
Dithmenos
Elyvilon
Fedhas
Gozag
Kikubaaqudgha
Nemelex Xobeh
Okawaru
Ru
Vehumet
Xom
Yredelemnul
Zin
The Shining One

Annotations:
D:8 Gastronok, Maurice


Message History

You closely miss the quokka. The quokka closely misses you.
You hit the yak.
Space warps horribly around the yak!
The yak is almost dead.
You hit the quokka.
You kill the quokka!
The yak gores you! The porcupine bites you.
* * * LOW HITPOINT WARNING * * *
Your shroud falls apart!
Drink which item? (? for menu, Esc to quit)
Magic courses through your body. The yak gores you.
* * * LOW HITPOINT WARNING * * *
The porcupine barely misses you.
You barely miss the yak.
The yak is almost dead.
You are struck by the porcupine's spines.
* * * LOW HITPOINT WARNING * * *
You hit the porcupine.
The porcupine is heavily wounded.
The yak gores you!
You die...

.. #... ..# #... ..#
#...# ####..# ♣♣
#.... #.....# ♣♣.
#....#####...# ♣♣..
...#@Y.'...# ♣♣...
###.#r###...# ♣....
#..orrw##...# ♣♣....
#.#Y#..##...###
♣..... #.#..####...#
♣.♣... #.#..# #...#
♣♣♣♣♣. #t#.†# #...#
♣♣.
P.#.....+...#♣♣♣♣♣..
P.#.#####.......###.


You could see Gastronok, 2 yaks, 2 porcupines and a river rat.

Vanquished Creatures
  2 yaks (D:8)
  A basilisk (D:8)
  Edmund (D:6)
  2 sky beasts
  An ice beast (D:7)
  An ogre (D:7)
  3 giant frogs
  A scorpion (D:6)
  A water moccasin skeleton (D:6)
  4 wights (D:7)
  2 crimson imps
  A centaur skeleton (D:4)
  2 hounds
  A giant frog zombie (D:5)
  Crazy Yiuf (D:4)
  2 orc priests
  2 orc wizards
  5 worker ants
  A hound zombie (D:5)
  4 adders
  10 gnolls
  A worker ant zombie (D:6)
  A shadow imp (D:5)
  2 oozes
  2 worms
  3 giant geckos (D:1)
  13 orcs
  A ball python (D:2)
  6 giant cockroaches
  12 hobgoblins
  5 jackals
  19 kobolds
  7 bats
  A giant gecko skeleton (D:7)
  7 giant newts
  12 goblins
  4 quokkas
  A quokka skeleton (D:6)
  13 rats
158 creatures vanquished.

Vanquished Creatures (others)
  A yak (D:8)
  A hippogriff (D:7)
  A black bear (D:6)
  A crimson imp (D:3)
  A gnoll shaman (D:7)
  A spectral weapon (D:4)
  A worm (D:2)
  An orc (D:8)
  A giant cockroach (D:2)
  2 plants (D:8)
11 creatures vanquished.

Grand Total: 169 creatures vanquished

Notes
Turn   | Place    | Note
--------------------------------------------------------------
     0 | D:1      | Sommunist the High Elf Skald began the quest for the Orb.
     0 | D:1      | Reached XP level 1. HP: 14/14 MP: 4/4
   293 | D:1      | Reached XP level 2. HP: 8/19 MP: 6/6
   400 | D:1      | Learned a level 2 spell: Shroud of Golubria
   429 | D:1      | Reached skill level 4 in Charms
  1153 | D:1      | Reached XP level 3. HP: 15/25 MP: 8/8
  1308 | D:1      | Reached skill level 1 in Armour
  1375 | D:2      | Found a basalt altar of Yredelemnul.
  1375 | D:2      | Found a sacrificial altar of Ru.
  1500 | D:2      | Reached XP level 4. HP: 10/30 MP: 9/9
  1611 | D:2      | Found a white marble altar of Elyvilon.
  1615 | D:2      | Found a shattered altar of Ashenzari.
  2122 | D:2      | Learned a level 3 spell: Spectral Weapon
  2210 | D:3      | Found a shimmering altar of Xom.
  2704 | D:4      | Reached XP level 5. HP: 30/35 MP: 6/10
  2723 | D:4      | Reached skill level 5 in Charms
  2773 | D:4      | HP: 1/35 [gnoll/spear (1)]
  3086 | D:4      | Found a sparkling altar of Nemelex Xobeh.
  3213 | D:4      | Noticed Crazy Yiuf
  3218 | D:4      | Killed Crazy Yiuf
  3227 | D:4      | Reached skill level 1 in Axes
  3263 | D:4      | Learned a level 3 spell: Regeneration
  3390 | D:4      | Reached XP level 6. HP: 32/41 MP: 11/11
  3547 | D:5      | Entered Level 5 of the Dungeon
  3801 | D:5      | Found an opulent altar of Gozag.
  4164 | D:5      | Got a smelly ring mail
  4175 | D:5      | Identified the +2 ring mail of the Will of the Gods {+Inv rPois rF+} (You found it on level 5 of the Dungeon)
  4366 | D:6      | Reached skill level 1 in Stealth
  4366 | D:6      | Reached XP level 7. HP: 41/46 MP: 12/12
  4461 | D:6      | Reached skill level 6 in Charms
  4531 | D:6      | Noticed Edmund
  4838 | D:6      | Killed Edmund
  4838 | D:6      | Reached XP level 8. HP: 30/52 MP: 13/13
  5079 | D:7      | Reached skill level 7 in Charms
  5186 | D:7      | Reached skill level 5 in Dodging
  5290 | D:7      | Found a staircase to the Ecumenical Temple.
  5308 | Temple   | Entered the Ecumenical Temple
  5342 | Temple   | Became a worshipper of Warmaster Okawaru
  5531 | D:7      | Reached skill level 1 in Translocations
  5587 | D:8      | Found a shimmering altar of Xom.
  5619 | D:8      | Found a blossoming altar of Fedhas.
  5654 | D:8      | Noticed Maurice
  5731 | D:8      | Reached XP level 9. HP: 35/58 MP: 9/15
  5750 | D:8      | Acquired Okawaru's first power
  5753 | D:8      | Noticed Gastronok
  5771 | D:8      | HP: 1/59 [porcupine's spines (7)]
  5771 | D:8      | Mangled by a yak

Vault maps used:
D:1:      eino_arrival_water_star
D:2:      gammafunk_temple_overflow_statue, grunt_temple_overflow_open,
          first_bread
D:3:      old_standard_altar, mrwooster_statue_mirror, interstate_on_off,
          patterned_corridor
D:4:      nemelex_dance_club_becter, uniq_crazy_yiuf_cottage
D:5:      nicolae_overflow_crystal_walls
D:6:      corexii_leaking_fountain, sigmund_edmund_badplayer
D:7:      minmay_temple_entry_statues
D:8:      fedhas_altar_fruit_tree, minmay_lair_entry_grove, enter_bailey_2,
          basic_altar, uniq_gastronok, uniq_grum, uniq_maurice
Temple:   oiseaux_autumnal_temple_12

Action                   |  1- 3 |  4- 6 |  7- 9 || total
-------------------------+-------+-------+-------++-------
Melee: Short sword       |   104 |       |       ||   104
       Hand axe          |    32 |   199 |   237 ||   468
 Cast: Infusion          |     1 |       |     2 ||     3
       Spectral Weapon   |       |     1 |     2 ||     3
       Regeneration      |       |     1 |     1 ||     2
       Shroud of Golubri |       |       |     7 ||     7
  Use: Potion            |     1 |     7 |     4 ||    12
       Scroll            |       |     6 |     4 ||    10
 Stab: Sleeping          |       |       |     2 ||     2
       Distracted        |       |       |     1 ||     1
  Eat: Chunk             |     2 |    10 |     5 ||    17
